[Event "Titled Tuesday Blitz November 07 Early 2023"]
[White "Sethuraman, S.P."]
[Black "Nihal Sarin"]
[WhiteFideId "5021596"]
[BlackFideId "25092340"]
[WhiteElo "2914"]
[BlackElo "3104"]
[Result "1-0"]
[Round "10"]
[TimeControl "180+1"]
[Date "2023.11.07"]
[WhiteClock "0:00:31"]
[BlackClock "0:00:03"]
[Board "7"]

1. e4 a6 2. d4 e6 3. c4 d5 4. exd5 exd5 5. Nc3 Nf6 6. Nf3 Bd6 7. Bg5 dxc4 8. Bxc4 O-O 9. O-O h6 10. Bh4 Nc6 11. Nd5 g5 12. Nxg5 Nxd5 13. Qh5 hxg5 14. Bxg5 Bxh2+ 15. Kxh2 Qd6+ 16. g3 Nxd4 17. Rad1 c5 18. Rh1 Bf5 19. Kg1 f6 20. Bxd5+ Ne6 21. Qh8+ Kf7 22. Qxf6+ Ke8 23. Bc6+ bxc6 24. Rxd6 Rxf6 25. Bxf6 Kf7 26. Bc3 Be4 27. Rh5 Bd5 28. Rd7+ Kg6 29. Re5 c4 30. Rdxd5 1-0


[Site "https://www.chess.com"]

[Event "Titled Tuesday Blitz November 07 Early 2023"]
[White "Martinez Alcantara, Jose Eduardo"]
[Black "Melkumyan, Hrant"]
[WhiteFideId "3805662"]
[BlackFideId "13302485"]
[WhiteElo "3047"]
[BlackElo "2909"]
[Result "0-1"]
[Round "10"]
[TimeControl "180+1"]
[Date "2023.11.07"]
[WhiteClock "0:00:17"]
[BlackClock "0:00:32"]
[Board "8"]

1. e4 e5 2. Bc4 Nf6 3. d3 Bc5 4. Nc3 O-O 5. Be3 d6 6. Bxc5 dxc5 7. h3 Nc6 8. Nf3 a6 9. O-O b5 10. Bd5 Nxd5 11. Nxd5 Be6 12. c4 Qd6 13. Re1 Rfd8 14. Rc1 h6 15. b3 b4 16. Qd2 a5 17. Red1 a4 18. Qb2 f6 19. Kh2 Ra7 20. Kg1 Rda8 21. Rb1 Bf7 22. Qc1 Bh5 23. g4 Bf7 24. Qe3 Nd8 25. Nh4 c6 26. Nb6 axb3 27. axb3 Rb8 28. Nf5 Qf8 29. Na4 Ne6 30. Kh2 Nd4 31. Nxd4 cxd4 32. Qf3 c5 33. Rg1 Be8 34. Nb2 Ra2 35. Qd1 Rba8 36. f3 Qf7 37. h4 R8a3 38. Rg2 Qg6 39. Qc2 Bd7 40. Rbg1 Qf7 41. Rb1 Kf8 42. Qd1 Ke8 43. Qc2 Kd8 44. Rbg1 Kc8 45. Kh1 Kb7 46. Rh2 h5 47. Qd1 hxg4 48. fxg4 Qg6 49. g5 fxg5 50. Rxg5 Qf6 51. Rg1 Ra1 52. Qe2 Rxg1+ 53. Kxg1 Ra1+ 54. Nd1 Qf4 55. Rg2 Qc1 56. Rxg7 Qxd1+ 57. Qxd1 Rxd1+ 58. Kg2 Rd2+ 59. Kg1 Kc6 60. h5 Rxd3 61. h6 Rxb3 62. h7 Rh3 63. Kg2 Rh5 64. Kg3 b3 65. Rg6+ Kc7 66. Rg5 Rxg5+ 67. Kh4 Rg1 68. h8=Q Rh1+ 69. Kg5 Rxh8 70. Kf6 b2 71. Kxe5 b1=Q 72. Kd5 Qb7+ 73. Kxc5 Qb6+ 74. Kd5 Qd6# 0-1


[Site "https://www.chess.com"]

[Event "Titled Tuesday Blitz November 07 Early 2023"]
[White "Taher, Yoseph Theolifus"]
[Black "Ibarra Jerez, Jose Carlos"]
[WhiteFideId "7105347"]
[BlackFideId "2226332"]
[WhiteElo "2896"]
[BlackElo "2992"]
[Result "0-1"]
[Round "10"]
[TimeControl "180+1"]
[Date "2023.11.07"]
[WhiteClock "0:00:02"]
[BlackClock "0:00:04"]
[Board "9"]

1. Nf3 d5 2. g3 g6 3. Bg2 Bg7 4. d4 Nd7 5. O-O Ngf6 6. c3 O-O 7. a4 a5 8. b3 Re8 9. Bb2 b6 10. c4 Bb7 11. Nc3 dxc4 12. bxc4 e5 13. d5 e4 14. Nd4 Ne5 15. Qb3 e3 16. f3 Nfd7 17. Rfd1 Nc5 18. Qa2 h5 19. Ncb5 h4 20. f4 Ng4 21. Nf3 hxg3 22. hxg3 Ne4 23. Ne5 Nxg3 24. Nxg4 Nxe2+ 25. Kf1 Ng3+ 26. Kg1 Qh4 27. Bxg7 Qxg4 28. Re1 Kxg7 29. Qb2+ f6 30. Nxc7 Qxf4 31. Nxe8+ Rxe8 32. Ra3 e2 33. Qc3 Nf5 34. Qf3 Qh4 35. Qf2 Qg4 36. Ra2 Nd4 37. Rd2 Re4 38. Rd3 Rf4 39. Qg3 Qf5 40. Re3 Kf8 41. R1xe2 Nxe2+ 42. Rxe2 Qb1+ 43. Kh2 Qf5 44. Bh3 Qg5 45. Qxg5 fxg5 46. Re6 Rxc4 47. Rxb6 Bxd5 48. Rb5 Bf3 49. Rxg5 Be4 50. Rxa5 Rc3 51. Bf1 Ra3 52. Ra7 g5 53. a5 g4 54. Bb5 g3+ 55. Kh3 g2+ 56. Kh2 Rh3+ 57. Kxh3 g1=Q 58. Ra6 Bf5+ 59. Kh4 Qg4# 0-1


[Site "https://www.chess.com"]

[Event "Titled Tuesday Blitz November 07 Early 2023"]
[White "Sychev, Klementy"]
[Black "Elsa167"]
[WhiteFideId "4114060"]
[WhiteElo "2861"]
[BlackElo "2987"]
[Result "1-0"]
[Round "10"]
[TimeControl "180+1"]
[Date "2023.11.07"]
[WhiteClock "0:00:34"]
[BlackClock "0:00:13"]
[Board "10"]

1. e4 e6 2. d4 d5 3. e5 c5 4. c3 Nc6 5. Nf3 Qb6 6. Bd3 Bd7 7. dxc5 Bxc5 8. O-O Qc7 9. b4 Bb6 10. Bf4 Nge7 11. Qe2 a6 12. Bg3 Rc8 13. Nbd2 Na7 14. c4 dxc4 15. Nxc4 O-O 16. Nd6 Rb8 17. Rac1 Bc6 18. Bxh7+ Kxh7 19. Ng5+ Kh6 20. Qg4 Ng6 21. Qh3+ Kxg5 22. Rc4 f5 23. exf6 Kxf6 24. Ne4+ Kf7 25. Bxc7 Bxc7 26. Ng5+ Kf6 27. Qxe6+ Kxg5 28. Rg4+ Kh5 29. Qxg6# 1-0


[Site "https://www.chess.com"]

[Event "Titled Tuesday Blitz November 07 Early 2023"]
[White "Rasulov, Vugar"]
[Black "Beerdsen, Thomas"]
[WhiteFideId "13402390"]
[BlackFideId "1030108"]
[WhiteElo "2975"]
[BlackElo "2853"]
[Result "1-0"]
[Round "10"]
[TimeControl "180+1"]
[Date "2023.11.07"]
[WhiteClock "0:00:59"]
[BlackClock "0:00:16"]
[Board "11"]

1. e4 e5 2. Nf3 Nc6 3. Bc4 Nf6 4. d3 h6 5. Nc3 d6 6. d4 Bg4 7. d5 Nd4 8. Be3 Bxf3 9. gxf3 Nd7 10. Rg1 Qf6 11. Bxd4 exd4 12. Nb5 O-O-O 13. Nxa7+ Kb8 14. Nb5 Ne5 15. Be2 c6 16. dxc6 Nxc6 17. Qd3 d5 18. O-O-O dxe4 19. fxe4 g6 20. Qg3+ Ka8 21. f4 g5 22. fxg5 hxg5 23. Kb1 Qf4 24. Rdf1 Qe3 25. Bd3 Qxg3 26. hxg3 Ne5 27. Rf5 Bg7 28. Rxg5 Nf3 29. Rxg7 Nxg1 30. a4 Rd7 31. Rg5 Rh2 32. Rg8+ 1-0


[Site "https://www.chess.com"]

[Event "Titled Tuesday Blitz November 07 Early 2023"]
[White "NovozhilovSemen"]
[Black "Navara, David"]
[BlackFideId "309095"]
[WhiteElo "2731"]
[BlackElo "2938"]
[Result "0-1"]
[Round "10"]
[TimeControl "180+1"]
[Date "2023.11.07"]
[WhiteClock "0:00:00"]
[BlackClock "0:00:07"]
[Board "12"]

1. d4 Nf6 2. Nf3 e6 3. e3 b6 4. Bd3 Bb7 5. O-O c5 6. c4 g6 7. Nc3 Bg7 8. d5 exd5 9. cxd5 Nxd5 10. Nxd5 Bxd5 11. Bxg6 hxg6 12. Qxd5 Nc6 13. e4 Qe7 14. e5 Qe6 15. Qxe6+ fxe6 16. Bf4 Rf8 17. Bg3 Rxf3 18. gxf3 Nxe5 19. Kg2 Nd3 20. h4 Nxb2 21. h5 gxh5 22. Rh1 O-O-O 23. Rxh5 Na4 24. Rd1 Nc3 25. Rd6 Bd4 26. a4 Nxa4 27. Bh4 Rg8+ 28. Kf1 Rh8 29. Rxd4 Rxh5 30. Rxa4 b5 31. Rg4 Kc7 32. Ke2 a5 33. Bf6 b4 34. Rg8 a4 35. Kd3 Rf5 36. Bd8+ Kc6 37. Be7 Rxf3+ 38. Ke4 Rf7 39. Rc8+ Kb7 40. Re8 b3 41. Kd3 b2 42. Kc2 Rxf2+ 43. Kb1 a3 44. Rf8 Rxf8 45. Bxf8 Kc6 46. Ka2 d5 47. Bg7 d4 0-1


[Site "https://www.chess.com"]

[Event "Titled Tuesday Blitz November 07 Early 2023"]
[White "Le, Tuan Minh"]
[Black "Klukin, Kirill"]
[WhiteFideId "12401153"]
[BlackFideId "24199273"]
[WhiteElo "3060"]
[BlackElo "2854"]
[Result "1-0"]
[Round "10"]
[TimeControl "180+1"]
[Date "2023.11.07"]
[WhiteClock "0:00:57"]
[BlackClock "0:00:06"]
[Board "13"]

1. d4 f5 2. e4 fxe4 3. Nc3 Nf6 4. Bg5 Nc6 5. d5 Ne5 6. Qd4 Nf7 7. Bxf6 exf6 8. O-O-O f5 9. f3 Qg5+ 10. Kb1 Bd6 11. fxe4 Be5 12. Qc4 Bxc3 13. Qxc3 fxe4 14. Qxc7 O-O 15. d6 a5 16. Ne2 a4 17. Nc3 a3 18. Bc4 b5 19. Bd5 b4 20. Nxe4 Qe5 21. c3 Ba6 22. Rhe1 axb2 23. Qc5 Rae8 24. cxb4 Kh8 25. b5 Bc8 26. Bxf7 Rxf7 27. Qxe5 Rxe5 28. Nc5 Rxe1 29. Rxe1 Rf8 30. b6 1-0


[Site "https://www.chess.com"]

[Event "Titled Tuesday Blitz November 07 Early 2023"]
[White "Tsydypov, Zhamsaran"]
[Black "Yanchenko, Roman"]
[WhiteFideId "4108566"]
[BlackFideId "4137329"]
[WhiteElo "3004"]
[BlackElo "2853"]
[Result "1-0"]
[Round "10"]
[TimeControl "180+1"]
[Date "2023.11.07"]
[WhiteClock "0:00:43"]
[BlackClock "0:00:35"]
[Board "14"]

1. d4 d5 2. Nf3 Nf6 3. c4 c6 4. Nc3 a6 5. e3 Bf5 6. Qb3 Ra7 7. Be2 e6 8. Nh4 Be4 9. f3 dxc4 10. Bxc4 Bd5 11. g3 g5 12. Bxd5 cxd5 13. Ng2 Nc6 14. O-O h5 15. Kh1 h4 16. gxh4 gxh4 17. Nf4 Bd6 18. Nce2 Nh5 19. Nxh5 Rxh5 20. Bd2 Qf6 21. e4 Bc7 22. Rac1 Kd7 23. e5 Qf5 24. Nf4 Rh8 25. Be3 Rg8 26. Rf2 h3 27. Rfc2 Rg2 28. Nxg2 Qxf3 29. Rf2 Qe4 30. Rxf7+ Ke8 31. Rg7 hxg2+ 32. Rxg2 Bd8 33. Bf2 b5 34. Rxc6 Rg7 35. Qh3 Qb1+ 36. Bg1 Rxg2 37. Qxg2 Kd7 38. Rd6+ Kc7 39. Qg7+ Kc8 40. Qd7+ 1-0


[Site "https://www.chess.com"]

[Event "Titled Tuesday Blitz November 07 Early 2023"]
[White "Galchenko, Matvey"]
[Black "Lobanov, Sergei"]
[WhiteFideId "24175480"]
[BlackFideId "24183750"]
[WhiteElo "2941"]
[BlackElo "2846"]
[Result "1-0"]
[Round "10"]
[TimeControl "180+1"]
[Date "2023.11.07"]
[WhiteClock "0:00:08"]
[BlackClock "0:00:02"]
[Board "15"]

1. e4 e5 2. Nf3 Nc6 3. Bc4 Nf6 4. Ng5 d5 5. exd5 b5 6. Bf1 Nxd5 7. Bxb5 Bb7 8. d4 exd4 9. O-O Be7 10. Re1 O-O 11. Nf3 Bf6 12. Nbd2 Nb6 13. Ne4 Be7 14. Ng3 a6 15. Bd3 Nb4 16. Nf5 Bf6 17. Bf4 Qd7 18. N5xd4 Nxd3 19. Qxd3 c5 20. Nf5 Qxd3 21. cxd3 Bxf3 22. gxf3 Bxb2 23. Rab1 Bc3 24. Rec1 Nd5 25. Bd6 Rfe8 26. Bxc5 Bf6 27. Rb7 h5 28. Ne3 Nf4 29. Rd1 Rad8 30. Rb3 Rd7 31. Ra3 Red8 32. Rxa6 Rxd3 33. Rxd3 Rxd3 34. Rd6 Rc3 35. Bb4 Rc1+ 36. Rd1 Rc6 37. a4 Ra6 38. a5 g6 39. Nd5 Nxd5 40. Rxd5 Rc6 41. Rd6 Rc1+ 42. Kg2 Be5 43. Rd5 Bc7 44. a6 Ra1 45. Rd7 Bb6 46. Rd6 Rxa6 47. Bc5 Bxc5 48. Rxa6 Kg7 49. f4 Bd4 50. Kf3 Bc3 51. h3 Bd4 52. Rc6 Kh7 53. Rc7 Kg7 54. Rd7 Bc5 55. Rd2 Be7 56. Ke4 Bf6 57. f5 Ba1 58. Rd7 Kf6 59. Rd6+ Kg7 60. Ra6 Bb2 61. f3 Bc3 62. fxg6 fxg6 63. Rc6 Bb2 64. Kd5 Ba1 65. Ke6 Bb2 66. Rc7+ Kg8 67. Rc2 Ba1 68. Ra2 Bc3 69. f4 Kg7 70. Rg2 Kh7 71. Kf7 1-0


[Site "https://www.chess.com"]

[Event "Titled Tuesday Blitz November 07 Early 2023"]
[White "Yeletsky, Ivan"]
[Black "Suyarov, Mukhammadzokhid"]
[WhiteFideId "24180327"]
[BlackFideId "14210495"]
[WhiteElo "2935"]
[BlackElo "2826"]
[Result "1-0"]
[Round "10"]
[TimeControl "180+1"]
[Date "2023.11.07"]
[WhiteClock "0:00:16"]
[BlackClock "0:00:54"]
[Board "16"]

1. d4 e6 2. e4 d5 3. Nd2 c5 4. Ngf3 cxd4 5. Nxd4 Nf6 6. exd5 Qxd5 7. Nb5 Qd8 8. Nc3 Nc6 9. g3 e5 10. Bg2 Bg4 11. f3 Bf5 12. O-O Bc5+ 13. Kh1 O-O 14. Nde4 Bxe4 15. Nxe4 Nxe4 16. fxe4 Qxd1 17. Rxd1 Rad8 18. Bg5 f6 19. Bd2 Kf7 20. c3 a5 21. a4 Ke7 22. Bf1 h6 23. Be1 g6 24. Bd2 Rh8 25. Bh3 Rd6 26. Be1 Rhd8 27. Rxd6 Rxd6 28. Kg2 Rd3 29. Bc8 Nd8 30. Bg4 h5 31. Be2 Rd6 32. Rd1 Rb6 33. Bb5 Rd6 34. Rxd6 Kxd6 35. Be8 g5 36. Bxh5 Be3 37. Kf3 Bc1 38. b4 axb4 39. cxb4 Nc6 40. Be8 Nd4+ 41. Kg4 Ke7 42. Bb5 Nc2 43. Bc3 Ne3+ 44. Kh5 Nf1 45. Bxf1 1-0


[Site "https://www.chess.com"]

[Event "Titled Tuesday Blitz November 07 Early 2023"]
[White "Rostovtsev, Dmitry"]
[Black "Materia, Marco"]
[WhiteFideId "34278320"]
[BlackFideId "45150451"]
[WhiteElo "2931"]
[BlackElo "2816"]
[Result "1-0"]
[Round "10"]
[TimeControl "180+1"]
[Date "2023.11.07"]
[WhiteClock "0:00:04"]
[BlackClock "0:00:03"]
[Board "17"]

1. d4 Nf6 2. c4 e6 3. Nc3 d5 4. cxd5 exd5 5. Bf4 Be7 6. e3 O-O 7. Nge2 c6 8. Ng3 Re8 9. Bd3 Nbd7 10. Qc2 Nf8 11. O-O-O Bd6 12. Bxd6 Qxd6 13. Kb1 a5 14. Na4 Bg4 15. Rc1 Ng6 16. h3 Be6 17. Qc5 Qc7 18. Qb6 Rac8 19. Qxc7 Rxc7 20. Rc5 Ra8 21. Nb6 Ra7 22. Rhc1 Ne7 23. R5c3 Nd7 24. Nxd7 Rxd7 25. a4 Nc8 26. Ne2 Nd6 27. Ng3 g6 28. b3 Kg7 29. Kb2 h5 30. Ne2 Bf5 31. Bxf5 Nxf5 32. Nf4 Rd6 33. Nd3 Nh4 34. g3 Nf3 35. h4 Rf6 36. R3c2 Nh2 37. Ne5 Nf3 38. Nd7 Rf5 39. Kc3 f6 40. Nc5 Nh2 41. Kd3 Ng4 42. Rf1 b6 43. Ne6+ Kf7 44. Rxc6 Re7 45. Nf4 g5 46. hxg5 fxg5 47. Nxh5 Nxf2+ 48. Ke2 Re8 49. Rxf2 Rxf2+ 50. Kxf2 Rh8 51. g4 1-0


[Site "https://www.chess.com"]

[Event "Titled Tuesday Blitz November 07 Early 2023"]
[White "Aravindh, Chithambaram VR."]
[Black "Dragun, Kamil"]
[WhiteFideId "5072786"]
[BlackFideId "1134167"]
[WhiteElo "2926"]
[BlackElo "2811"]
[Result "1-0"]
[Round "10"]
[TimeControl "180+1"]
[Date "2023.11.07"]
[WhiteClock "0:00:03"]
[BlackClock "0:00:00"]
[Board "18"]

1. b3 Nf6 2. Bb2 g6 3. e3 Bg7 4. Be2 O-O 5. Nf3 b6 6. O-O Bb7 7. c4 c5 8. d4 cxd4 9. Nxd4 Nc6 10. Nc3 d6 11. Nd5 Nxd4 12. Qxd4 Rc8 13. Rac1 Bxd5 14. cxd5 Rc5 15. Bf3 Qd7 16. b4 Rxc1 17. Rxc1 Rc8 18. Rc6 Rxc6 19. dxc6 Qc7 20. Qd3 Ne8 21. Bc1 e6 22. b5 d5 23. e4 d4 24. Bb2 e5 25. Bd1 Nd6 26. Bb3 Bf8 27. f4 Bg7 28. fxe5 Bxe5 29. Bxd4 Qe7 30. a4 Qf6 31. Bxe5 Qxe5 32. Qd5 Qf4 33. e5 Qe3+ 34. Kf1 Qc1+ 35. Ke2 Qb2+ 36. Kd3 Qb1+ 37. Bc2 Qf1+ 38. Kd2 Qf2+ 39. Kc3 Qe1+ 40. Kb3 Qe3+ 41. Kb2 Ne8 42. Bb3 Qf2+ 43. Ka3 Kf8 44. Qd8 Qc5+ 45. Ka2 Qf2+ 46. Kb1 Qg1+ 47. Qd1 Qxg2 48. c7 Qe4+ 49. Ka2 Nxc7 50. Qd6+ Kg7 51. Qxc7 Qg2+ 52. Ka3 Qf1 53. Qc3 Qf4 54. e6+ f6 55. Bc4 Qd6+ 56. Kb3 Qxh2 57. Qd3 Qe5 58. Qd7+ Kh6 59. e7 Qe3+ 60. Bd3 1-0


[Site "https://www.chess.com"]

[Event "Titled Tuesday Blitz November 07 Early 2023"]
[White "Orozbaev, Eldiar"]
[Black "Baskakov, Egor"]
[WhiteFideId "13802240"]
[BlackFideId "24197866"]
[WhiteElo "2759"]
[BlackElo "2916"]
[Result "1-0"]
[Round "10"]
[TimeControl "180+1"]
[Date "2023.11.07"]
[WhiteClock "0:02:18"]
[BlackClock "0:02:18"]
[Board "19"]

1. e4 c5 2. c3 Nf6 3. e5 Nd5 4. d4 cxd4 5. cxd4 Nc6 6. Nf3 g6 7. Nc3 Nxc3 8. bxc3 Bg7 9. Bd3 d6 10. exd6 Qxd6 11. O-O O-O 12. Qe2 e5 13. a4 Rd8 14. Ba3 Qc7 15. Bc4 Bg4 16. d5 Nd4 17. cxd4 e4 18. d6 Qc8 19. Bxf7+ Kxf7 20. Ng5+ Kg8 21. Qa2+ Kh8 22. Nf7+ Kg8 23. Nh6+ 1-0


[Site "https://www.chess.com"]

[Event "Titled Tuesday Blitz November 07 Early 2023"]
[White "GaiozNigalidze"]
[Black "Steinberg, Nitzan"]
[BlackFideId "2801795"]
[WhiteElo "2730"]
[BlackElo "2891"]
[Result "0-1"]
[Round "10"]
[TimeControl "180+1"]
[Date "2023.11.07"]
[WhiteClock "0:00:51"]
[BlackClock "0:01:09"]
[Board "20"]

1. d4 Nf6 2. c4 g6 3. Nc3 Bg7 4. e4 d6 5. Nf3 O-O 6. h3 c5 7. d5 a6 8. a4 e6 9. Be2 exd5 10. exd5 Re8 11. O-O Nbd7 12. Bf4 Ne5 13. Nxe5 dxe5 14. Bg5 h6 15. Be3 Qd6 16. Qd2 g5 17. a5 Bd7 18. Bd3 e4 19. Bc2 Re7 20. Ba4 Bf5 21. Bd1 Bg6 22. Rb1 Nd7 23. Na4 f5 24. b4 f4 25. Bxc5 Nxc5 26. bxc5 Qf6 27. d6 Rf7 28. Bc2 f3 29. g4 h5 30. Qd5 Qf4 31. Rxb7 Be5 0-1


[Site "https://www.chess.com"]

[Event "Titled Tuesday Blitz November 07 Early 2023"]
[White "Dowgird, Filip"]
[Black "Zhigalko, Sergei"]
[WhiteFideId "1121235"]
[BlackFideId "13502956"]
[WhiteElo "2683"]
[BlackElo "2890"]
[Result "0-1"]
[Round "10"]
[TimeControl "180+1"]
[Date "2023.11.07"]
[WhiteClock "0:00:58"]
[BlackClock "0:01:17"]
[Board "21"]

1. d4 Nf6 2. Bg5 d5 3. Bxf6 exf6 4. Nd2 Bd6 5. e4 dxe4 6. Nxe4 O-O 7. Nxd6 Qxd6 8. c3 Re8+ 9. Be2 Bg4 10. h3 Bh5 11. Kf1 Bxe2+ 12. Nxe2 c5 13. h4 Nc6 14. dxc5 Qxc5 15. Rh3 Qb5 16. Qc2 Rad8 17. c4 Qe5 18. Rc1 h5 19. Re3 Qh2 20. Rxe8+ Rxe8 21. g3 Nd4 0-1


[Site "https://www.chess.com"]

[Event "Titled Tuesday Blitz November 07 Early 2023"]
[White "Perdomo, Leandro"]
[Black "Kazakouski, Valery"]
[WhiteFideId "109746"]
[BlackFideId "13507443"]
[WhiteElo "2724"]
[BlackElo "2889"]
[Result "0-1"]
[Round "10"]
[TimeControl "180+1"]
[Date "2023.11.07"]
[WhiteClock "0:00:09"]
[BlackClock "0:00:04"]
[Board "22"]

1. d4 Nf6 2. c4 e6 3. Nc3 Bb4 4. e3 b6 5. Bd3 Bb7 6. f3 c5 7. Ne2 cxd4 8. exd4 O-O 9. O-O d5 10. Bg5 dxc4 11. Bxc4 h6 12. Bh4 Nc6 13. Qd3 Be7 14. Rad1 Nd5 15. Bxd5 Bxh4 16. Be4 Rc8 17. d5 Nb4 18. Qb5 Nxd5 19. Nxd5 exd5 20. Bxd5 Bxd5 21. Rxd5 Qe7 22. Nc3 Rfd8 23. Ne4 Rxd5 24. Qxd5 Rd8 25. Qf5 Qc7 26. b3 Be7 27. h3 g6 28. Qb5 f5 29. Nf2 Bc5 30. Qc4+ Kh7 31. Kh1 Qe7 32. Nd3 Bd6 33. Re1 Qg7 34. f4 Rd7 35. Ne5 Re7 36. Qd5 Qf6 37. Re2 Qe6 38. Qxe6 Rxe6 39. Rd2 Kg7 40. Kg1 Kf6 41. Nd3 Be7 42. Kf2 Rd6 43. g3 g5 44. Ke3 Kg6 45. Ne5+ Kf6 46. Rxd6+ Bxd6 47. Nc4 Bc5+ 48. Kf3 Ke6 49. g4 fxg4+ 50. hxg4 gxf4 51. Kxf4 b5 52. Nd2 Kd5 53. Nf3 Be7 54. Kf5 a5 55. Kg6 Bf8 56. Kf7 Bd6 57. Kg6 Bf4 58. Nh4 a4 59. bxa4 bxa4 60. Nf5 Kc4 61. Nxh6 Kb4 62. Nf5 Ka3 63. Nd4 Kxa2 64. Ne2 Be5 65. Kf5 Bb2 66. g5 Kb3 67. Ke4 a3 68. Nd4+ Bxd4 69. Kxd4 a2 70. Ke5 a1=Q+ 71. Ke6 Qa8 72. Kf5 Qg8 0-1


[Site "https://www.chess.com"]

[Event "Titled Tuesday Blitz November 07 Early 2023"]
[White "Nenezic, Marko"]
[Black "Kislinsky, Alexey"]
[WhiteFideId "912123"]
[BlackFideId "14108801"]
[WhiteElo "2871"]
[BlackElo "2672"]
[Result "0-1"]
[Round "10"]
[TimeControl "180+1"]
[Date "2023.11.07"]
[WhiteClock "0:00:00"]
[BlackClock "0:00:10"]
[Board "23"]

1. d4 Nf6 2. c4 c5 3. d5 b5 4. cxb5 a6 5. bxa6 g6 6. Nc3 Bxa6 7. g3 Bg7 8. Bg2 O-O 9. Nf3 d6 10. O-O Nbd7 11. Rb1 Nb6 12. b3 Bb7 13. Nh4 Qd7 14. Bb2 g5 15. Nf3 Nfxd5 16. Nxd5 Bxd5 17. Nxg5 Bxg2 18. Kxg2 Qf5 19. Nf3 Rxa2 20. Bxg7 Kxg7 21. b4 Nd7 22. Re1 Qc2 23. Qd5 Nf6 24. Qg5+ Qg6 25. Qe3 Nd5 26. Qb3 Nxb4 27. Qc4 Rc2 28. Qf4 e5 29. Qh4 e4 30. Ng5 Re8 31. Rbd1 d5 32. Nh3 e3 33. Nf4 Qf5 34. f3 d4 35. Rc1 Rxc1 36. Rxc1 Rc8 37. Nh5+ Kh8 38. g4 Qe6 39. Nf6 Kg7 40. g5 Qf5 41. Qh6+ Kh8 42. Ra1 Qg6 43. Qh4 d3 44. Qf4 dxe2 45. Qxe3 Nc2 46. Qb3 e1=Q 47. Rxe1 Nxe1+ 0-1


[Site "https://www.chess.com"]

[Event "Titled Tuesday Blitz November 07 Early 2023"]
[White "Alexandre, Anne Shopie Elizabeth"]
[Black "Shuvalov, Evgenij"]
[WhiteFideId "11902418"]
[BlackFideId "4187237"]
[WhiteElo "2859"]
[BlackElo "2501"]
[Result "1/2-1/2"]
[Round "10"]
[TimeControl "180+1"]
[Date "2023.11.07"]
[WhiteClock "0:00:11"]
[BlackClock "0:00:56"]
[Board "24"]

1. d4 Nf6 2. c4 g6 3. Nc3 d5 4. cxd5 Nxd5 5. e4 Nxc3 6. bxc3 Bg7 7. Qa4+ Nd7 8. Nf3 O-O 9. Qa3 c5 10. Bd3 cxd4 11. cxd4 Nb6 12. O-O Bg4 13. Ne5 Be6 14. Be3 Qd6 15. Qa5 Bxe5 16. Qxe5 Qxe5 17. dxe5 Rfd8 18. Rfd1 Nc4 19. Bxc4 Bxc4 20. a3 Bb3 21. Rxd8+ Rxd8 22. Bxa7 Rd1+ 23. Rxd1 Bxd1 24. f3 e6 25. Kf2 Kf8 26. g4 g5 27. Be3 h6 28. h4 gxh4 29. Bxh6+ Kg8 30. Bg5 h3 31. Bf4 Kh7 32. Bh2 Kg6 33. Kg3 Be2 34. f4 Bf1 35. f5+ Kg7 36. Kf4 Bg2 37. Bg1 Kh7 38. a4 Kg7 39. a5 Kh7 40. g5 Kg7 41. Bh2 Bh1 42. Ke3 Bg2 43. Kd4 Bf3 44. Bg3 Bg2 45. Bh2 Bf3 46. Ke3 Bg2 47. Kf4 Bh1 48. Bg1 Bg2 49. Ke3 Bh1 50. Kd4 Bg2 51. Bh2 1/2-1/2


[Site "https://www.chess.com"]

[Event "Titled Tuesday Blitz November 07 Early 2023"]
[White "Roebers, Eline"]
[Black "Deac, Bogdan-Daniel"]
[WhiteFideId "1058401"]
[BlackFideId "1226380"]
[WhiteElo "2604"]
[BlackElo "2979"]
[Result "1/2-1/2"]
[Round "10"]
[TimeControl "180+1"]
[Date "2023.11.07"]
[WhiteClock "0:00:02"]
[BlackClock "0:00:02"]
[Board "25"]

1. e4 c5 2. Nf3 e6 3. d4 cxd4 4. Nxd4 a6 5. Bd3 Nf6 6. O-O e5 7. Nf3 Nc6 8. c4 Bc5 9. Nc3 h6 10. a3 a5 11. Be3 d6 12. Qd2 Bg4 13. Ne1 Be6 14. Nc2 a4 15. Rad1 Qa5 16. Qe2 Ng4 17. Bxc5 dxc5 18. f3 Nf6 19. Nb5 O-O 20. Qf2 Nd4 21. Ncxd4 cxd4 22. Qg3 Nd7 23. f4 f6 24. Rc1 Qb6 25. Kh1 Nc5 26. fxe5 fxe5 27. Be2 Nd7 28. c5 Rxf1+ 29. Bxf1 Qc6 30. Nd6 Rf8 31. Bb5 Qc7 32. Bxd7 Qxd7 33. Qxe5 d3 34. Qd4 b6 35. c6 Qd8 36. Qxd3 Qg5 37. Rd1 Rf2 38. Qg3 Qd2 39. Rg1 Qxb2 40. c7 Rc2 41. Ne8 Qc3 42. Qd6 Bf7 43. Qe7 Bxe8 44. Qxe8+ Kh7 45. Qe6 Qxc7 46. Qf5+ g6 47. Qd5 Qe7 48. Qd4 b5 49. Qd5 Rc5 50. Qd4 Rc4 51. Qd5 Rc5 52. Qd4 Re5 53. Re1 Qc5 54. Qd7+ Re7 55. Qd3 Qf2 56. Rf1 Qb2 57. e5 Qxe5 58. h3 Qc5 59. Qf3 h5 60. Qg3 Qd5 61. Qf4 Rd7 62. Qf8 Qc4 63. Qf6 Qd5 64. Qf8 Qd6 65. Qe8 Qd5 66. Qf8 1/2-1/2


[Site "https://www.chess.com"]

[Event "Titled Tuesday Blitz November 07 Early 2023"]
[White "Malek, Jan"]
[Black "Makhnev, Denis"]
[WhiteFideId "21864080"]
[BlackFideId "13707647"]
[WhiteElo "2713"]
[BlackElo "2920"]
[Result "0-1"]
[Round "10"]
[TimeControl "180+1"]
[Date "2023.11.07"]
[WhiteClock "0:00:00"]
[BlackClock "0:00:55"]
[Board "26"]

1. c4 e5 2. Nc3 Nf6 3. Nf3 Nc6 4. e3 Bb4 5. Qc2 Bxc3 6. Qxc3 Qe7 7. d3 d5 8. cxd5 Nxd5 9. Qd2 Bg4 10. Be2 O-O-O 11. a3 e4 12. Nd4 Nxd4 13. Bxg4+ f5 14. Bd1 Ne6 15. O-O Nf6 16. d4 h5 17. Bb3 Kb8 18. Qa5 g6 19. Qe5 Rhe8 20. Bd2 Ng4 21. Qxe6 Qxe6 22. Bxe6 Rxe6 23. h3 Nf6 24. Rac1 Nd5 25. Rc5 b6 26. Rc2 Kb7 27. h4 a5 28. g3 Rc6 29. Rfc1 Rxc2 30. Rxc2 c6 31. a4 Nc7 32. b3 Ne6 33. Kf1 Rd5 34. Ke2 c5 35. dxc5 Nxc5 36. Rb2 Rd3 37. b4 Nxa4 38. Ra2 b5 39. bxa5 Nc3+ 40. Bxc3 Rxc3 41. Rd2 Rc6 42. Rd8 Ra6 43. Kd2 Rxa5 44. Kc3 Ra2 45. Rd6 Rxf2 46. Rxg6 Rf3 47. Kd4 b4 48. Rg5 b3 49. Kc3 Rxe3+ 50. Kb2 Rf3 51. Rxh5 Kc6 52. Rg5 e3 53. Rg6+ Kd5 54. Rg8 Kc4 55. h5 Rf2+ 0-1


[Site "https://www.chess.com"]

[Event "Titled Tuesday Blitz November 07 Early 2023"]
[White "Kamsky, Gata"]
[Black "Nagare Kaivalya Sandip"]
[WhiteFideId "2000024"]
[BlackFideId "25957929"]
[WhiteElo "2854"]
[BlackElo "2707"]
[Result "1-0"]
[Round "10"]
[TimeControl "180+1"]
[Date "2023.11.07"]
[WhiteClock "0:00:41"]
[BlackClock "0:00:17"]
[Board "27"]

1. e4 e5 2. Nf3 Nc6 3. Bb5 Nf6 4. O-O Nxe4 5. d4 Nd6 6. Bxc6 dxc6 7. dxe5 Nf5 8. Qxd8+ Kxd8 9. Rd1+ Ke8 10. Nc3 Be7 11. h3 h5 12. g3 Be6 13. Bf4 Rd8 14. Rxd8+ Kxd8 15. Rd1+ Kc8 16. Ng5 Rd8 17. Rxd8+ Kxd8 18. Nxe6+ fxe6 19. Ne2 c5 20. c4 Nd4 21. Kf1 g5 22. Nxd4 cxd4 23. Bd2 Kd7 24. g4 hxg4 25. hxg4 a6 26. Ke2 b5 27. Kd3 c5 28. b3 Bd8 29. cxb5 axb5 30. a4 Kc6 31. axb5+ Kxb5 32. f4 gxf4 33. Bxf4 Kb4 34. Kc2 c4 35. bxc4 Kxc4 36. g5 Be7 37. g6 d3+ 38. Kd1 Bf8 39. Bg5 Kc3 40. Bf6 d2 41. g7 Bxg7 42. Bxg7 Kd3 43. Bf8 Kd4 44. Bd6 Kd3 45. Bb4 Kd4 46. Bd6 Kd3 47. Bc7 Ke3 48. Ba5 Ke4 49. Bc3 Kd3 50. Bxd2 Kd4 51. Bf4 Ke4 52. Bh2 Kf3 53. Kd2 Kg2 54. Bf4 Kf3 55. Bg5 Ke4 56. Bf6 Kd4 57. Ke2 Ke4 58. Kf2 Kf4 59. Kg2 Kg4 60. Kh2 Kf4 61. Kh3 Kf5 62. Kh4 Kg6 63. Kg4 Kf7 64. Kg5 Kf8 65. Kg6 Kg8 66. Be7 1-0


[Site "https://www.chess.com"]